 Dungeon Crawl Stone Soup version 0.18.1-48-g4cf74bf (webtiles) character file.

13234 Mesmaeker13 the Fighter (level 11, -4/92 HPs)
             Began as a Demonspawn Gladiator on Aug 19, 2016.
             Was a Follower of Ashenzari.
             Killed from afar by Harold (23 damage)
             ... with a bolt of fire
             ... on level 11 of the Dungeon.
             The game lasted 00:47:38 (13035 turns).

Mesmaeker13 the Fighter (Demonspawn Gladiator)     Turns: 13035, Time: 00:47:39

Health: -4/92      AC: 21    Str: 16    XL:     11   Next: 72%
Magic:  11/11      EV:  6    Int: 10    God:    Ashenzari [*.....]
Gold:   684        SH:  0    Dex: 14    Spells: 0 memorised, 10 levels left

rFire  . . .     SeeInvis .     r - +0 blowgun
rCold  . . .     Gourm    .     j - +0 scale mail
rNeg   . . .     Faith    .     T - +0 buckler
rPois  .         Spirit   .     c - +1 helmet (curse)
rElec  .         Dismiss  .     H - +0 cloak
rCorr  .         Reflect  .     Z - +0 pair of gloves
SustAt .         Harm     .     a - +0 pair of boots (curse)
MR     .....                    J - amulet of magic regeneration
Stlth  ..........               p - +2 ring of protection
                                Y - +3 ring of protection

@: very slightly contaminated, held, not resistant to hostile enchantments,
extremely unstealthy
A: hooves 1, iridescent scales 1, deformed body, demonic guardian 1, dopey 1,
spiny 1
a: Curse Item, Scrying, Renounce Religion


You were on level 11 of the Dungeon.
You worshipped Ashenzari.
Ashenzari was aware of your devotion.
You were not hungry.

You visited 3 branches of the dungeon, and saw 14 of its levels.

You collected 684 gold pieces.

Inventory:

Hand Weapons
 r - a +0 blowgun (weapon)
 x - a +1 dagger of venom
 F - the +0 spear of Cerik {drain, rPois Str+5 Dex+3}
   (You found it on level 5 of the Dungeon)

   A truly terrible weapon, it drains the life of those it strikes.
   It affects your strength (+5).
   It affects your dexterity (+3).
   It protects you from poison.
Missiles
 d - 7 throwing nets
 s - 90 poisoned needles
 t - 5 javelins
 v - 2 needles of confusion (quivered)
Armour
 a - a cursed +0 pair of boots (worn)
 c - a cursed +1 helmet (worn)
 j - a +0 scale mail (worn)
 H - a +0 cloak (worn)
 T - a +0 buckler (worn)
 Z - a +0 pair of gloves (worn)
Jewellery
 h - an uncursed amulet of dismissal
 o - a +3 ring of dexterity
 p - a +2 ring of protection (right hand)
 D - a +4 ring of dexterity
 J - an amulet of magic regeneration (around neck)
 R - an uncursed ring of magical power
 Y - a +3 ring of protection (left hand)
Wands
 l - a wand of disintegration (0/24)
 y - a wand of confusion (38/48)
 E - a wand of lightning (0/15)
 N - a wand of lightning (0/15)
Scrolls
 g - 6 scrolls of teleportation
 m - a scroll of brand weapon {unknown}
 u - a scroll of remove curse
 G - a scroll of blinking
 I - 2 scrolls of immolation
 X - 4 scrolls of magic mapping
Potions
 k - 2 potions of cancellation
 w - a potion of agility
 z - a potion of magic {unknown}
 A - 3 potions of curing
 B - a potion of might
 C - a potion of brilliance {unknown}
 K - a potion of beneficial mutation {unknown}
 P - 5 potions of haste
 S - 3 potions of lignification
Books
 e - a book of Summonings

   Spells                             Type                      Level
   a - Recall                         Summoning/Translocation      3
   b - Aura of Abjuration             Summoning                    5
   c - Summon Demon                   Summoning                    5
   d - Summon Forest                  Summoning/Translocation      5
   e - Summon Mana Viper              Hexes/Summoning              5
   f - Shadow Creatures               Summoning                    6
 n - a book of Changes

   Spells                             Type                      Level
   a - Beastly Appendage              Transmutation                1
   b - Sticks to Snakes               Transmutation                2
   c - Spider Form                    Transmutation/Poison         3
   d - Ice Form                       Ice/Transmutation            4
   e - Blade Hands                    Transmutation                5
 L - a book of Dreams

   Spells                             Type                      Level
   a - Ensorcelled Hibernation        Hexes/Ice                    2
   b - Silence                        Hexes/Air                    5
   c - Darkness                       Hexes                        6
   d - Shadow Creatures               Summoning                    6
Miscellaneous
 i - a plain deck of defence {drawn: 1}
Comestibles
 f - 6 bread rations
 q - 2 chunks of flesh


   Skills:
 + Level 10.7 Fighting
 + Level 10.4 Polearms
 - Level 1.7 Throwing
 + Level 9.6 Armour
 - Level 2.6 Dodging
 - Level 4.0 Shields


You had 10 spell levels left.
You didn't know any spells.

Dungeon Overview and Level Annotations

Branches:
Dungeon (12/15)            Temple (1/1) D:6            Lair (1/8) D:10
    Orc: D:9-12

Altars:
Ashenzari
Cheibriados
Dithmenos
Elyvilon
Fedhas
Gozag
Kikubaaqudgha
Makhleb
Nemelex Xobeh
Okawaru
Pakellas
Qazlal
Ru
Sif Muna
Trog
Vehumet
Xom
Yredelemnul
Zin
The Shining One

Annotations:
D:6 Xelenos's ghost, novice MiFi
D:11 Harold


Innate Abilities, Weirdness & Mutations

You have large cloven feet.
A weak demonic guardian rushes to your aid.
You are partially covered in sharp spines.
You are partially covered in iridescent scales (AC +4).
Armour fits poorly on your strangely shaped body.
You are dopey. (Int -2)


Message History

You become entangled in the net!
Firing (i - inventory. (,) - cycle):
v - 5 needles of confusion (quivered)
Press: ? - help, Shift-Dir - straight line, f/p - Harold
Aim: Harold, wielding a short sword and wearing a ring mail You shoot a needle of confusion.
The needle of confusion hits Harold.
Harold resists.
Firing (i - inventory. (,) - cycle):
v - 4 needles of confusion (quivered)
Press: ? - help, Shift-Dir - straight line, f/p - Harold
Aim: Harold, wielding a short sword and wearing a ring mail You shoot a needle of confusion.
The needle of confusion barely misses Harold.
Firing (i - inventory. (,) - cycle):
v - 3 needles of confusion (quivered)
Press: ? - help, Shift-Dir - straight line, f/p - Harold
Aim: Harold, wielding a short sword and wearing a ring mail You shoot a needle of confusion.
Your demonic guardian avoids your attack.
The needle of confusion barely misses Harold.
Harold casts a spell at you. The bolt of fire misses your quasit.
The bolt of fire hits you!
You die...

#...@#.....#.....#
#... #.....#.....#
#.#. #.....#.....#
#... #..>..#.....#
#### #.....#.....#
#.....#.....# .
#.....#.....#
(..(#.....#.....#
(...'@5@..#
....#....†# .
#.....# #.......
#.........
+.........#
#...........
............
....##..##...


You could see Harold and a friendly quasit.

Vanquished Creatures
  Erica (D:10)
  Nergalle (D:10)
  The ghost of Heedrag the Destroyer, a novice DECj (D:9)
  A hill giant (D:10)
  An orc knight (D:10)
  Maurice (D:10)
  A spiny frog (Lair:1)
  A komodo dragon (D:10)
  2 two-headed ogres
  2 trolls
  Grinder (D:3)
  A wraith (D:11)
  5 yaks (Lair:1)
  A hippogriff (Lair:1)
  A hungry ghost (D:11)
  A wyvern (D:8)
  3 water moccasins
  8 swamp worms (Lair:1)
  A porcupine (Lair:1)
  2 ice beasts
  4 orc warriors
  A phantom (D:10)
  A necrophage (D:6)
  2 sky beasts
  6 ogres
  6 centaurs
  2 crocodiles (Lair:1)
  A big kobold (D:9)
  5 giant frogs
  A wyvern zombie (D:6)
  3 scorpions
  A water moccasin skeleton (D:6)
  7 killer bees
  8 wights (D:10)
  2 jellies
  5 howler monkeys
  3 crimson imps
  4 hounds
  6 orc priests
  A centaur skeleton (D:4)
  10 orc wizards
  4 iguanas
  Terence (D:2)
  8 worker ants
  A hound zombie (D:5)
  Robin (D:2)
  8 gnolls
  A howler monkey skeleton (D:6)
  15 adders
  16 river rats (Lair:1)
  2 shadow imps
  2 adder skeletons
  An adder zombie (D:6)
  12 worms
  The ghost of pedritolo the Ducker, a weakling SpMo (Lair:1)
  9 giant geckos
  44 orcs
  2 giant cockroaches
  14 goblins
  6 hobgoblins
  7 jackals
  9 kobolds
  4 quokkas
  2 ball pythons
  8 bats
  A giant gecko skeleton (D:4)
  A giant gecko zombie (D:6)
  6 giant newts
  6 rats
  A spectral orc (D:6)
  A plant (Lair:1)
309 creatures vanquished.

Vanquished Creatures (collateral kills)
  Erolcha (D:10)
  A hydra (D:11)
  A basilisk (Lair:1)
  A hungry ghost (D:9)
  Menkaure (D:6)
  A sky beast (D:6)
  An ogre (D:5)
  A giant frog zombie (D:9)
  An orc (D:6)
  A giant cockroach (D:4)
10 creatures vanquished.

Vanquished Creatures (others)
  A goblin (D:2)
  A hobgoblin (D:2)
  A fungus (Lair:1)
  3 plants
6 creatures vanquished.

Grand Total: 325 creatures vanquished

Notes
Turn   | Place    | Note
--------------------------------------------------------------
     0 | D:1      | Mesmaeker13 the Demonspawn Gladiator began the quest for the Orb.
     0 | D:1      | Reached XP level 1. HP: 16/16 MP: 1/1
   470 | D:1      | Gained mutation: You have large cloven feet. [demonic ancestry]
   470 | D:1      | Reached XP level 2. HP: 22/23 MP: 2/2
   964 | D:2      | Reached XP level 3. HP: 27/28 MP: 3/3
  1027 | D:2      | Noticed Terence
  1161 | D:2      | Killed Terence
  1244 | D:2      | Reached XP level 4. HP: 35/35 MP: 4/4
  1405 | D:2      | Noticed Robin
  1457 | D:2      | Killed Robin
  1478 | D:2      | Reached skill level 1 in Armour
  1838 | D:2      | Gained mutation: A weak demonic guardian rushes to your aid. [demonic ancestry]
  1838 | D:2      | Reached XP level 5. HP: 32/42 MP: 5/5
  2399 | D:3      | Noticed Grinder
  2404 | D:3      | Paralysed by Grinder for 6 turns
  2436 | D:3      | Killed Grinder
  2436 | D:3      | Reached XP level 6. HP: 45/49 MP: 6/6
  2442 | D:3      | Found a stormy altar of Qazlal.
  2632 | D:3      | Found a blossoming altar of Fedhas.
  3314 | D:4      | Reached XP level 7. HP: 52/55 MP: 7/7
  3410 | D:4      | Found an oddly glowing altar of Pakellas.
  3463 | D:4      | Reached skill level 5 in Fighting
  3463 | D:4      | Reached skill level 5 in Polearms
  4016 | D:5      | Entered Level 5 of the Dungeon
  4085 | D:5      | Got a slimy spear
  4090 | D:5      | Identified the +0 spear of Cerik {drain, rPois Str+5 Dex+3} (You found it on level 5 of the Dungeon)
  4125 | D:5      | Found a radiant altar of Vehumet.
  4125 | D:5      | Found a burning altar of Makhleb.
  4791 | D:5      | Reached XP level 8. HP: 64/64 MP: 8/8
  4867 | D:6      | Found a staircase to the Ecumenical Temple.
  4873 | Temple   | Entered the Ecumenical Temple
  5065 | Temple   | Became a worshipper of Ashenzari the Shackled
  5177 | D:6      | Found an iron altar of Okawaru.
  5361 | D:6      | Reached skill level 5 in Armour
  5406 | D:6      | Noticed Menkaure
  5409 | D:6      | Gained mutation: You are dopey. (Int -2) [potion of mutation]
  5409 | D:6      | Gained mutation: Armour fits poorly on your strangely shaped body. [potion of mutation]
  5409 | D:6      | Gained mutation: You are partially covered in iridescent scales (AC +4). [potion of mutation]
  5417 | D:6      | Killed Menkaure
  5548 | D:6      | Found a basalt altar of Yredelemnul.
  5573 | D:6      | Noticed Xelenos's ghost (novice MiFi)
  5929 | D:7      | Gained mutation: You are partially covered in sharp spines. [demonic ancestry]
  5929 | D:7      | Reached XP level 9. HP: 72/72 MP: 9/9
  6698 | D:8      | Reached skill level 1 in Shields
  6725 | D:8      | Found a sacrificial altar of Ru.
  7220 | D:9      | Noticed Heedrag's ghost (novice DECj)
  7251 | D:9      | Killed Heedrag's ghost
  7251 | D:9      | Reached XP level 10. HP: 46/80 MP: 10/10
  7730 | D:9      | Found a deep blue altar of Sif Muna.
  8596 | D:10     | Entered Level 10 of the Dungeon
  8598 | D:10     | Noticed Maurice
  8666 | D:10     | Noticed an orc knight
  8690 | D:10     | Killed an orc knight
  8850 | D:10     | Noticed Erolcha
  8870 | D:10     | Paralysed by Erolcha for 5 turns
  9087 | D:10     | Killed Erolcha
  9623 | D:10     | Noticed a hill giant
  9636 | D:10     | Killed a hill giant
  9763 | D:10     | Noticed Erica
  9776 | D:10     | Killed Erica
  9776 | D:10     | Reached XP level 11. HP: 53/89 MP: 11/11
 10042 | D:10     | Found a staircase to the Lair.
 10110 | Lair:1   | Entered Level 1 of the Lair of Beasts
 10249 | Lair:1   | Noticed pedritolo's ghost (weakling SpMo)
 10261 | Lair:1   | Killed pedritolo's ghost
 10455 | Lair:1   | Reached skill level 10 in Fighting
 11638 | Lair:1   | Reached skill level 10 in Polearms
 11880 | D:10     | Reached * piety under Ashenzari
 12272 | D:10     | Noticed Nergalle
 12291 | D:10     | Killed Nergalle
 12631 | D:10     | Killed Maurice
 12988 | D:11     | Noticed a four-headed hydra
 12990 | D:11     | Noticed Harold
 13018 | D:11     | Killed a four-headed hydra
 13035 | D:11     | Killed from afar by Harold

Skill      XL: |  1  2  3  4  5  6  7  8  9 10 11 |
---------------+----------------------------------+-----
Polearms       | 3 4 5 7 8 9 10 | 10.4
Fighting       | 3 4 5 7 8 9 10 | 10.7
Armour         | 1 2 3 4 5 7 8 9 |  9.6
Shields        | 3 4 |  4.0
Throwing       | |  1.7
Dodging        | |  2.6

Action                   |  1- 3 |  4- 6 |  7- 9 | 10-12 || total
-------------------------+-------+-------+-------+-------++-------
Melee: Trident           |   123 |   230 |   138 |       ||   491
       Kick              |    16 |    30 |       |       ||    46
       Spear             |       |       |   449 |   885 ||  1334
 Fire: Blowgun           |       |     4 |     3 |    34 ||    41
Throw: Throwing net      |       |       |     3 |     2 ||     5
Invok: Curse Item        |       |       |       |     1 ||     1
Evoke: Wand              |       |       |       |     9 ||     9
       Deck              |       |       |       |     1 ||     1
  Use: Scroll            |     4 |     4 |    11 |     6 ||    25
       Potion            |     3 |     1 |     4 |     6 ||    14
 Stab: Invisible         |       |     8 |       |       ||     8
       Distracted        |       |     1 |       |     4 ||     5
       Confused          |       |       |       |     2 ||     2
  Eat: Chunk             |     1 |     8 |    12 |    20 ||    41
       Pizza             |       |       |     1 |     1 ||     2
       Fruit             |       |       |       |     1 ||     1
Armor: Leather armour    |    45 |       |       |       ||    45
       Scale mail        |     1 |    96 |   191 |   193 ||   481
Dodge: Dodged            |    70 |   105 |   149 |   180 ||   504
Block: Buckler           |       |       |    15 |   102 ||   117
